 Dungeon Crawl Stone Soup version 0.26-a0-771-g060e6a62af (webtiles) character file.

Game seed: 16129333755629119698

182 marklar909 the Ruffian (level 5, -6/40 HPs)
             Began as a Draconian Transmuter on Nov 9, 2020.
             Was an Initiate of Okawaru.
             Killed by divine providence
             ... invoked by an orc priest
              (12 damage)
             ... on level 3 of the Dungeon.
             The game lasted 00:03:38 (2596 turns).

marklar909 the Ruffian (Draconian Transmuter)       Turns: 2596, Time: 00:03:39

Health: -6/40      AC:  6    Str: 13    XL:     5   Next: 34%
Magic:  8/9        EV: 12    Int: 14    God:    Okawaru [......]
Gold:   222        SH:  0    Dex: 11    Spells: 0/10 levels left

rFire    . . .     SeeInvis .     - Unarmed
rCold    . . .     Faith    .   (no shield)
rNeg     . . .     Spirit   .   (armour unavailable)
rPois    .         Reflect  .   (helmet restricted)
rElec    .         Harm     .   (no cloak)
rCorr    .         Rampage  .   g - +0 pair of gloves
MR       .....                  (no boots)
Stlth    +.........             (no amulet)
HPRegen  0.13/turn              (no ring)
MPRegen  0.11/turn              (no ring)

@: wereblooded (expiring)
A: unfitting armour, cold-blooded, AC +5
a: Renounce Religion


You were on level 3 of the Dungeon.
You worshipped Okawaru.
Okawaru was noncommittal.
You visited 1 branch of the dungeon, and saw 3 of its levels.

You collected 222 gold pieces.

Inventory:

Armour
 g - a +0 pair of gloves (worn)
 l - a +0 pair of boots
Jewellery
 m - an uncursed amulet of reflection {unknown}
 p - a +6 ring of dexterity {unknown}
Scrolls
 a - 4 scrolls of identify
 b - a scroll of random uselessness {unknown}
 c - a scroll of fog {unknown}
 d - 2 scrolls of enchant weapon {unknown}
 f - a scroll of magic mapping {unknown}
 k - 2 scrolls of teleportation {unknown}
 n - 2 scrolls of remove curse {unknown}
 o - a scroll of immolation {unknown}
Potions
 e - a potion of flight
 h - 2 potions of attraction {unknown}
 i - a potion of brilliance {unknown}
 j - 3 potions of lignification {unknown}


   Skills:
 + Level 1.3 Fighting
 * Level 2.5 Dodging
 + Level 0.3 Stealth
 + Level 4.4 Unarmed Combat
 + Level 3.1 Spellcasting
 * Level 2.7 Transmutations
 * Level 0.1 Poison Magic


You couldn't memorise any spells.
You knew the following spells:

 Your Spells              Type           Power        Failure   Level
a - Beastly Appendage     Tmut           #.....       7%          1
b - Wereblood             Tmut           #.......     11%         2
c - Spider Form           Tmut/Pois      #.........   34%         3
d - Ice Form              Ice/Tmut       #.......     75%         4

Your spell library contained the following spells:

 Spells                   Type           Power        Failure   Level
 Blade Hands              Tmut           #.........   88%         5


Dungeon Overview and Level Annotations

Branches:
Dungeon (3/15)

Altars:
Ashenzari
Okawaru
Wu Jian


Innate Abilities, Weirdness & Mutations

Your plain brown scales are hard. (AC +5)
You cannot fit into any form of body armour.
You are cold-blooded and may be slowed by cold attacks.


Message History

Pain shoots through your body!
* * * LOW HITPOINT WARNING * * *
Unknown command.
You barely miss the orc priest.
The orc priest is lightly wounded.
The orc priest hits you but does no damage.
Unknown command.
You barely miss the orc priest.
Your tail-slap misses the orc priest.
The orc priest is lightly wounded.
Unknown command.
You punch the orc priest!
The orc priest is severely wounded.
The orc priest closely misses you.
Unknown command.
You hit the orc priest.
The orc priest is almost dead.
Your primal bloodlust is almost over.
The orc priest mumbles some strange prayers to Beogh against you.
Beogh smites you!
You die...

#.# #.# #.# #.# #
#.#######.#.#.#
#.#...)@oo....#
#.#####.#.###########.
.............>........
#.#####..<............
#.# ###.#.#########.
#.# #.#...#
####.#######.###.#
.................#
............######


You could see an orc priest and an orc.

Vanquished Creatures
  Robin (D:2)
  5 adders
  2 oozes (D:1)
  2 worms
  A dart slug (D:2)
  2 leopard geckos
  2 orcs (D:3)
  2 ball pythons
  9 bats
  4 giant cockroaches
  18 goblins
  11 hobgoblins
  18 jackals
  2 quokkas (D:2)
  A frilled lizard (D:2)
  5 kobolds
  8 rats
93 creatures vanquished.

Vanquished Creatures (others)
  9 fungi (D:2)
  4 toadstools (D:2)
13 creatures vanquished.

Grand Total: 106 creatures vanquished

Notes
Turn   | Place    | Note
-------+----------+-------------------------------------------
     0 | D:1      | marklar909 the Draconian Transmuter began the quest for the
                  | Orb.
     0 | D:1      | Reached XP level 1. HP: 16/16 MP: 3/3
   247 | D:1      | Reached XP level 2. HP: 23/23 MP: 3/5
   297 | D:1      | Learned a level 2 spell: Wereblood
   560 | D:1      | Reached XP level 3. HP: 12/28 MP: 3/6
   883 | D:1      | Learned a level 3 spell: Spider Form
   888 | D:2      | Noticed Robin
  1344 | D:2      | Reached skill level 4 in Unarmed Combat
  1352 | D:2      | Killed Robin
  1352 | D:2      | Reached XP level 4. HP: 35/35 MP: 6/8
  1970 | D:2      | Found a broken altar of Ashenzari.
  2085 | D:2      | Reached XP level 5. HP: 40/40 MP: 5/9
  2096 | D:2      | Learned a level 4 spell: Ice Form
  2302 | D:3      | Found an iron altar of Okawaru.
  2322 | D:3      | Became a worshipper of Warmaster Okawaru
  2422 | D:3      | Found an ornate altar of the Wu Jian Council.
  2596 | D:3      | Killed from afar by an orc priest

Illustrated notes

Levels and vault maps discovered:
D:1:      lightli_iron_boxes, layout_rooms, grunt_decor_fettered,
          minmay_tetromino_t2
D:2:      layout_basic, lemuel_doored_altar, minmay_gold_behind_fungi,
          uniq_robin
D:3:      layout_basic, lemuel_crystal_altar, lemuel_crystal_altar,
          okawaru_gym_becter, lemuel_coloured_pillars_altar,
          uniq_crazy_yiuf_cottage

Skill      XL: |  1  2  3  4 |
---------------+-------------+-----
Unarmed Combat | 4 |  4.4
Dodging        | 2 |  2.5
Spellcasting   | 3 |  3.1
Fighting       | |  1.3
Stealth        | |  0.3
Transmutations | |  2.7
Poison Magic   | |  0.1

Action                   |  1- 3 |  4- 6 || total
-------------------------+-------+-------++-------
Melee: Unarmed           |   112 |   121 ||   233
       Kick              |    20 |    26 ||    46
       Headbutt          |     5 |    13 ||    18
       Tailslap          |     7 |    11 ||    18
       Punch             |     2 |     1 ||     3
 Cast: Beastly Appendage |    15 |    18 ||    33
       Wereblood         |     5 |    16 ||    21
  Use: Scroll            |     1 |       ||     1
 Stab: Sleeping          |     1 |       ||     1
Armor: Skin              |    42 |    41 ||    83
Dodge: Dodged            |    90 |    92 ||   182

Table legend: (Time is in decaauts)
 A = Elapsed time spent in this place.
 B = Non-inter-level travel time spent in this place.
 C = Inter-level travel time spent in this place.
 D = Time resting spent in this place.
 E = Time spent auto-exploring this place.
 F = Levels seen in this place.
 G = Mean time per level.
                   A        B        C        D        E       F      G
               +--------+--------+--------+--------+--------+-----+--------+
         Total |   2579 |   2538 |     41 |    236 |   1765 |   3 |  859.7 |
       Dungeon |   2579 |   2538 |     41 |    236 |   1765 |   3 |  859.7 |
               +--------+--------+--------+--------+--------+-----+--------+

Top non-repeatable levels by time:
     D:1: 1181 daAuts
     D:2: 993 daAuts
     D:3: 403 daAuts
